AoeStats
← 雙子座ovu/6

Arabia

508839277Analyzed
1v1 RM · 7d ago on Sep 24, 2026· 40m 32s· 2 players
Game mode
Random Map
Map size
Tiny (2 player)
Population
200
Speed
Normal
Resources
Standard
Victory
Conquest
Starting age
Dark Age
Ending age
Imperial Age
RankedLock teamsTeams togetherTeam positionsShared explorationLock speedFull tech treeHidden civsTurbo modeCheats
Victory
Defeat
🇹🇼 Vietnamese · Taiwan
487
+9
🇨🇿 Celts · Czechia
331
-9
Greša weed master
0:38 Loom
12:15 Feudal Age
13:56 Double-Bit Axe
16:01 Wheelbarrow
19:58 Horse Collar
21:37 Town Watch
25:19 Castle Age
25:05 Man-at-Arms
26:12 Forging
27:24 Scale Mail Armor
29:04 Gambesons
28:40 Long Swordsman
29:39 Chain Mail Armor
30:00 Iron Casting
31:10 Hand Cart
33:28 Husbandry
34:35 Scale Barding Armor
37:11 Imperial Age
38:54 Conscription
38:56 Bow Saw
雙子座ovu/6
12:03 Feudal Age
13:12 Double-Bit Axe
13:14 Horse Collar
16:44 Loom
19:47 Castle Age
20:49 Bow Saw
20:41 Heavy Plow
22:23 Fletching
23:28 Padded Archer Armor
26:53 Bodkin Arrow
27:15 Leather Archer Armor
29:18 Wheelbarrow
28:22 Elite Skirmisher
29:07 Thumb Ring
30:36 Hand Cart
31:07 Ballistics
35:23 Imperial Age
36:46 Crop Rotation
37:18 Two-Man Saw
36:11 Gold Mining
36:12 Stone Mining
36:02 Imperial Skirmisher
36:46 Bracer
37:17 Ring Archer Armor
38:04 Chemistry
37:08 Murder Holes
37:40 Paper Money
37:57 Hoardings
38:44 Town Watch
Connection lost

Rejoining the realm…

Still unreachable

The connection could not be restored.

Session expired

The server has moved on; the page needs a fresh start.